 Dungeon Crawl Stone Soup version 0.22-a0-21-g9421e3f (console) character file.

3733 vegansnacktivist the Scholar of Death (level 9, -1/57 HPs)
             Began as a Demonspawn Necromancer on Jan 2, 2018.
             Was a Follower of Kikubaaqudgha.
             Slain by a yak (7 damage)
             ... on level 8 of the Dungeon.
             The game lasted 00:36:30 (8627 turns).

vegansnacktivist the Scholar of Death (DsNe)        Turns: 8627, Time: 00:36:30

Health: -1/57      AC: 15    Str:  8    XL:     9   Next: 92%
Magic:  4/21       EV: 12    Int: 20    God:    Kikubaaqudgha [*.....]
Gold:   438        SH:  0    Dex: 14    Spells: 5/24 levels left

rFire    + . .     SeeInvis .   s - +2 shortbow (freeze)
rCold    + . .     Gourm    +   (shield currently unavailable)
rNeg     . . .     Faith    .   H - +2 leather armour {rF+}
rPois    +         Spirit   .   E - +2 helmet
rElec    +         Reflect  .   (no cloak)
rCorr    .         Harm     .   (no gloves)
MR       .....                  g - +1 pair of boots
Stlth    ++........             v - amulet of the gourmand
HPRegen  0.19/turn              f - ring of wizardry
MPRegen  0.17/turn              m - ring of protection from cold

@: berserk cooldown, slowed, very slow
A: hooves 2, iridescent scales 2, foul stench 1, sense surroundings 1, poison
resistance, electricity resistance, rot immunity
a: Receive Corpses, Renounce Religion


You were on level 8 of the Dungeon.
You worshipped Kikubaaqudgha.
Kikubaaqudgha was aware of your devotion.
You were not hungry.

You visited 2 branches of the dungeon, and saw 9 of its levels.

You collected 438 gold pieces.

Inventory:

Hand Weapons
 s - a +2 shortbow of freezing (weapon)
Missiles
 o - 41 poisoned needles
 w - 92 arrows (quivered)
Armour
 g - a +1 pair of boots (worn)
 E - a +2 helmet (worn)
 H - a +2 leather armour of fire resistance (worn)
 K - the +1 plate armour of the Ego {rN+ MR++ rCorr Int-2, unknown}
   (You found it on level 7 of the Dungeon)

   It affects your intelligence (-2).
   It protects you from negative energy.
   It affects your resistance to hostile enchantments.
   It protects you from acid and corrosion.
Jewellery
 a - an uncursed ring of ice
 d - an uncursed ring of poison resistance
 f - a ring of wizardry (left hand)
 m - a ring of protection from cold (right hand)
 v - an amulet of the gourmand (around neck)
Wands
 h - a wand of paralysis (7)
 x - a wand of digging (40)
 J - a wand of iceblast (8)
Scrolls
 e - 3 scrolls of remove curse
 j - a scroll of fear
 l - 2 scrolls of amnesia
 n - 3 scrolls of noise
 y - 2 scrolls of immolation {unknown}
 A - 2 scrolls of magic mapping {unknown}
 F - a scroll of blinking {unknown}
 I - a scroll of teleportation
Potions
 i - 3 potions of brilliance
 k - a potion of flight
 p - a potion of berserk rage
 q - 5 potions of haste
 r - a potion of might {unknown}
 t - a potion of ambrosia {unknown}
 u - 2 potions of cancellation
 z - 3 potions of curing {unknown}
 C - a potion of resistance {unknown}
 G - 2 potions of lignification {unknown}
Books
 b - a book of Necromancy

   Spells                             Type                      Level
   a - Pain                           Necromancy                   1
   b - Animate Skeleton               Necromancy                   1
   c - Vampiric Draining              Necromancy                   3
   d - Regeneration                   Charms/Necromancy            3
   e - Animate Dead                   Necromancy                   4
   f - Borgnjor's Vile Clutch         Necromancy/Earth             5
 B - Kikubaaqudgha's Incunabulum of Unholy Secrets
   (Kikubaaqudgha gifted it to you on level 7 of the Dungeon)

   Spells                             Type                      Level
   a - Animate Skeleton               Necromancy                   1
   b - Pain                           Necromancy                   1
   c - Sublimation of Blood           Necromancy                   2
   d - Regeneration                   Charms/Necromancy            3
Comestibles
 c - 16 rations


   Skills:
 + Level 5.3 Armour
 - Level 1.7 Dodging
 - Level 1.7 Stealth
 - Level 8.0 Spellcasting
 - Level 11.4 Necromancy


You had 5 spell levels left.
You knew the following spells:

 Your Spells              Type           Power        Failure   Level  Hunger
a - Pain                  Necr           ####         1%          1    None
b - Vampiric Draining     Necr           ######....   1%          3    None
c - Regeneration          Chrm/Necr      ####......   1%          3    None
d - Animate Skeleton      Necr           N/A          1%          1    None
e - Animate Dead          Necr           N/A          1%          4    ###....
f - Borgnjor's Vile Clut  Necr/Erth      ####......   12%         5    #####..
g - Sublimation of Blood  Necr           ######....   1%          2    None


Dungeon Overview and Level Annotations

Branches:
Dungeon (8/15)             Temple (1/1) D:4
   Lair: D:8-11

Altars:
Ashenzari
Dithmenos
Elyvilon
Fedhas
Gozag
Hepliaklqana
Kikubaaqudgha
Makhleb
Nemelex Xobeh
Okawaru
Qazlal
Ru
Sif Muna
Trog
Uskayaw
Vehumet
Wu Jian
Xom
Yredelemnul
Zin
The Shining One

Shops:
D:8 (

Annotations:
D:4 1 runed door, Menkaure; isock's ghost, novice GnWn
D:7 haldorno's ghost, novice MiGl


Innate Abilities, Weirdness & Mutations

You have hoof-like feet.
You are mostly covered in iridescent scales. (AC +4)
You may emit foul miasma when damaged in melee.
You are immune to rotting.
You passively map a small area around you.
Your system is resistant to poisons. (rPois)
You are resistant to electric shocks. (rElec)


Message History

Press: ? - help, Shift-Dir - straight line, f/p - orc priest
Aim: an orc priest (severely wounded)
You shoot an arrow. The arrow hits the yak.
The arrow freezes the yak.
The yak is almost dead.
The yak gores you but does no damage.
The orc priest calls down the wrath of Beogh upon you.
Beogh smites you!
* * * LOW HITPOINT WARNING * * *
Do you really want to go berserk while wielding your +2 shortbow of freezing?
A red film seems to cover your vision as you go berserk!
You feel yourself moving faster!
You feel mighty! The yak gores you.
* * * LOW HITPOINT WARNING * * *
You feel a strong urge to attack something.
You feel your anger nearly subside.
You are no longer berserk.
You are exhausted.
You feel yourself slow down.
The orc priest looks braver for a moment.
The yak gores you!
You die...
Kikubaaqudgha rasps: "You have failed me!
Welcome... death!"

#.#####.#........# #.# ,
........<...#....# #.# *
*#.#########<#.#### #.# *
#....#.# #.# * , ##.###.#.#
#.### ,*###.####...#
#####.##. * ,
...........######....#... *
#(###...).........##.#..
,#####.###.#@..######..####..
, ,...........Y.## #..# ##.
######.#.#..#######..# #. *
##...o.##...##..# #. , ,
####.Y.........# #. , *
*####o##...##..###### **
#Yo..#######......). , ,** *
#(#### ##.###### #.# #..


You could see 2 yaks, an orc priest and an orc wizard.

Vanquished Creatures
  Pikel (D:6)
  Grinder (D:6)
  2 yaks (D:8)
  A hungry ghost (D:8)
  2 ice beasts
  2 orc warriors (D:6)
  A sky beast (D:4)
  A black bear (D:6)
  2 centaurs
  2 ogres
  5 bullfrogs
  5 scorpions
  5 crimson imps
  A bullfrog skeleton (D:5)
  A bullfrog zombie (D:7)
  4 hounds
  An orc priest (D:6)
  A jelly (D:6)
  A centaur skeleton (D:6)
  4 orc wizards (D:6)
  Natasha (thrice) (D:4)
  2 iguanas (D:4)
  A worker ant (D:5)
  A hound zombie (D:6)
  A worker ant zombie (D:5)
  12 adders
  2 shadow imps
  3 oozes
  An adder zombie (D:5)
  4 worms
  2 dart slugs
  4 leopard geckos
  16 orcs
  6 giant cockroaches
  5 goblins
  7 hobgoblins
  7 jackals
  5 quokkas
  3 bats
  4 frilled lizards
  9 kobolds
  5 rats
146 creatures vanquished.

Vanquished Creatures (collateral kills)
  An unseen horror (D:7)
1 creature vanquished.

Vanquished Creatures (others)
  A slave (D:6)
  2 orc wizards (D:6)
  2 orcs (D:6)
5 creatures vanquished.

Grand Total: 152 creatures vanquished

Notes
Turn   | Place    | Note
-------+----------+-------------------------------------------
     0 | D:1      | vegansnacktivist the Demonspawn Necromancer began the quest for the Orb.
     0 | D:1      | Reached XP level 1. HP: 13/13 MP: 3/3
   466 | D:1      | Gained mutation: You are immune to rotting. [demonic ancestry]
   466 | D:1      | Reached XP level 2. HP: 19/19 MP: 3/5
   554 | D:1      | Reached skill level 5 in Necromancy
  1133 | D:2      | Gained mutation: You have large cloven feet. [demonic ancestry]
  1133 | D:2      | Reached XP level 3. HP: 20/24 MP: 3/6
  1255 | D:2      | Found a glowing silver altar of Zin.
  1391 | D:2      | Reached skill level 6 in Necromancy
  1418 | D:2      | Gained mutation: You are partially covered in iridescent scales. (AC +2) [demonic ancestry]
  1418 | D:2      | Reached XP level 4. HP: 15/30 MP: 0/7
  3030 | D:3      | Learned a level 3 spell: Vampiric Draining
  3034 | D:3      | Learned a level 3 spell: Regeneration
  3072 | D:3      | Found a white marble altar of Elyvilon.
  3135 | D:3      | Noticed a centaur
  3273 | D:3      | Found an iron altar of Okawaru.
  3371 | D:3      | Reached skill level 7 in Necromancy
  3371 | D:3      | Gained mutation: You are mostly covered in iridescent scales. (AC +4) [demonic ancestry]
  3371 | D:3      | Reached XP level 5. HP: 30/35 MP: 1/8
  3576 | D:3      | Killed a centaur
  3637 | D:4      | Noticed isock's ghost (novice GnWn)
  3713 | D:4      | Found a white marble altar of Elyvilon.
  3713 | D:4      | Noticed Menkaure
  3749 | D:4      | Found a runed door.
  3749 | D:4      | Noticed an angel
  3788 | D:4      | Reached skill level 8 in Necromancy
  3928 | D:4      | Reached XP level 6. HP: 15/41 MP: 1/9
  4206 | D:4      | Gained mutation: You passively map a small area around you. [potion of mutation]
  4206 | D:4      | Gained mutation: You are resistant to electric shocks. (rElec) [potion of mutation]
  4206 | D:4      | Gained mutation: Your system is resistant to poisons. (rPois) [potion of mutation]
  4221 | D:4      | Noticed Natasha
  4225 | D:4      | Killed Natasha
  4246 | D:4      | Noticed Natasha
  4263 | D:4      | Killed Natasha
  4322 | D:4      | Noticed Natasha
  4323 | D:4      | Killed Natasha
  4357 | D:4      | Noticed a sky beast
  4365 | D:4      | Killed a sky beast
  4365 | D:4      | Reached skill level 9 in Necromancy
  4370 | D:4      | Learned a level 1 spell: Animate Skeleton
  4587 | D:5      | Entered Level 5 of the Dungeon
  4673 | D:5      | Reached XP level 7. HP: 38/46 MP: 5/10
  4798 | D:5      | Reached skill level 10 in Necromancy
  5030 | D:5      | Reached skill level 11 in Necromancy
  5030 | D:5      | Gained mutation: You may emit foul miasma when damaged in melee. [demonic ancestry]
  5030 | D:5      | Reached XP level 8. HP: 47/52 MP: 4/11
  5179 | D:5      | Found a blossoming altar of Fedhas.
  5334 | D:5      | Found an ancient bone altar of Kikubaaqudgha.
  5341 | D:5      | Became a worshipper of Kikubaaqudgha
  5499 | D:4      | Found a sparkling altar of Nemelex Xobeh.
  5616 | D:4      | Found a staircase to the Ecumenical Temple.
  5626 | Temple   | Entered the Ecumenical Temple
  6057 | D:6      | Noticed Grinder
  6079 | D:6      | Killed Grinder
  6372 | D:6      | Learned a level 4 spell: Animate Dead
  6502 | D:6      | Found a glowing golden altar of the Shining One.
  6502 | D:6      | Found a hazy altar of Hepliaklqana.
  6548 | D:6      | Reached skill level 5 in Spellcasting
  6882 | D:6      | Gained mutation: You have hoof-like feet. [demonic ancestry]
  6882 | D:6      | Reached XP level 9. HP: 29/57 MP: 11/18
  7165 | D:6      | Noticed Pikel
  7200 | D:6      | Killed Pikel
  7656 | D:7      | Noticed haldorno's ghost (novice MiGl)
  7782 | D:7      | Found a shimmering altar of Xom.
  7975 | D:7      | Reached skill level 1 in Armour
  8036 | D:7      | Killed an unseen horror
  8194 | D:7      | Reached * piety under Kikubaaqudgha
  8194 | D:7      | Identified Kikubaaqudgha's Incunabulum of Unholy Secrets (Kikubaaqudgha gifted it to you on level 7 of the Dungeon)
  8194 | D:7      | Received a gift from Kikubaaqudgha
  8204 | D:7      | Learned a level 5 spell: Borgnjor's Vile Clutch
  8207 | D:7      | Learned a level 2 spell: Sublimation of Blood
  8317 | D:7      | Found a blossoming altar of Fedhas.
  8323 | D:7      | Got an ichor-stained plate armour
  8579 | D:8      | Found Xuta Zud's Weapon Emporium.
  8596 | D:8      | Reached skill level 5 in Armour
  8627 | D:8      | Slain by a yak

Vault maps used:
D:1:      kennysheep_arrival_seaside
D:2:      nicolae_overflow_hidden_temple, first_ration, minmay_liquid_box
D:3:      elyvilon_altar_5, lemuel_crystal_altar, serial_bayou_pond_c,
          minivault_25, minmay_statues_item
D:4:      nemelex_xobeh_ov_fountains_minmay, minmay_temple_entry_poolview,
          lemuel_angel_altar, uniq_natasha, uniq_menkaure
D:5:      kennysheep_little_box, minmay_hedge_maze, fedhas_altar_2
D:6:      gammafunk_temple_overflow_wave, uniq_pikel, uniq_grinder
D:7:      statuecave_lemuel, old_standard_altar, serial_shops, kennysheep_mini,
          grunt_ogre_cave, xom_teletrap_fun
D:8:      serial_shops, shop_fountains, shop, serial_glass, glass_columns_c,
          glass_columns_b
Temple:   cyrus_circular_temple

Skill      XL: |  1  2  3  4  5  6  7  8  9 |
---------------+----------------------------+-----
Necromancy     | 5 6 7 8 9 11 | 11.4
Spellcasting   | 6 8 |  8.0
Armour         | 5 |  5.3
Dodging        | |  1.7
Stealth        | |  1.7

Action                   |  1- 3 |  4- 6 |  7- 9 || total
-------------------------+-------+-------+-------++-------
Melee: Unarmed           |    23 |    32 |       ||    55
       Shortbow          |       |       |     6 ||     6
 Fire: Shortbow          |       |       |   216 ||   216
 Cast: Pain              |    51 |   125 |   175 ||   351
       Vampiric Draining |       |     4 |    11 ||    15
       Regeneration      |       |       |     3 ||     3
       Animate Dead      |       |       |     2 ||     2
Evoke: Wand              |       |     2 |    24 ||    26
  Use: Potion            |       |     3 |     3 ||     6
       Scroll            |       |    10 |     3 ||    13
 Stab: Paralysed         |       |     8 |       ||     8
  Eat: Chunk             |     2 |    23 |    13 ||    38
       Ration            |       |     1 |     1 ||     2
Armor: Robe              |     7 |    30 |    72 ||   109
       Leather armour    |       |       |    67 ||    67
Dodge: Dodged            |    26 |    56 |   132 ||   214

Table legend:
 A = Spawn XP
 B = Non-spawn XP
 C = Spawn XP percentage of total XP
 D = Spawn monster count
 E = Non-spawn monster count
 F = Spawn count percentage of total count
 G = Total turns spent on level
                    A         B        C        D         E        F      G
               +---------+---------+-------+---------+---------+-------+---------
         Total |       0 |    5333 |   0.0 |       0 |     147 |   0.0 |  8627
               +---------+---------+-------+---------+---------+-------+---------
           D:1 |       0 |      54 |   0.0 |       0 |      16 |   0.0 |  2075
           D:2 |       0 |     118 |   0.0 |       0 |      30 |   0.0 |  1084
           D:3 |       0 |     150 |   0.0 |       0 |      15 |   0.0 |   676
           D:4 |       0 |     496 |   0.0 |       0 |      18 |   0.0 |  1242
           D:5 |       0 |     888 |   0.0 |       0 |      19 |   0.0 |   908
           D:6 |       0 |    2101 |   0.0 |       0 |      33 |   0.0 |  1655
           D:7 |       0 |     782 |   0.0 |       0 |       9 |   0.0 |   694
           D:8 |       0 |     744 |   0.0 |       0 |       7 |   0.0 |   235
               +---------+---------+-------+---------+---------+-------+---------
